 Dungeon Crawl Stone Soup version 0.21-a0-78-g82a99e0 (webtiles) character file.

2286 MackTheKnife the Fighter (level 9, -2/75 HPs)
             Began as a Human Wanderer on June 22, 2017.
             Was a Follower of Qazlal.
             Slain by an orc warrior
             ... wielding a +0 war axe
              (18 damage)
             ... on level 7 of the Dungeon.
             The game lasted 00:15:57 (8755 turns).

MackTheKnife the Fighter (Human Wanderer)           Turns: 8755, Time: 00:15:58

Health: -2/75      AC: 11    Str: 12    XL:     9   Next: 66%
Magic:  12/12      EV: 14    Int: 16    God:    Qazlal [*.....]
Gold:   95         SH:  1    Dex: 16    Spells: 8/8 levels left

rFire    + . .     SeeInvis .   a - +2 mace
rCold    . . .     Gourm    .   (no shield)
rNeg     . . .     Faith    .   H - +1 ring mail {MR+}
rPois    .         Spirit   .   p - +2 helmet
rElec    .         Reflect  .   u - +1 cloak
rCorr    .         Harm     .   (no gloves)
MR       +....                  (no boots)
Stlth    +.........             (no amulet)
HPRegen  0.22/turn              o - ring of protection from fire {rF+, !d}
MPRegen  0.13/turn              F - +3 ring of intelligence

@: no status effects
A: no striking features
a: Renounce Religion


You were on level 7 of the Dungeon.
You worshipped Qazlal.
Qazlal was aware of your devotion.
You were not hungry.

You visited 2 branches of the dungeon, and saw 8 of its levels.

You collected 271 gold pieces.
You spent 176 gold pieces at shops.

Inventory:

Hand Weapons
 a - a +2 mace (weapon)
 C - a +2 dagger of draining
   (You took it off an orc wizard on level 4 of the Dungeon)
Armour
 p - a +2 helmet (worn)
   (You took it off Robin on level 2 of the Dungeon)
 u - a +1 cloak (worn)
   (You found it on level 2 of the Dungeon)
 E - a +1 ring mail of poison resistance
   (You took it off an orc on level 5 of the Dungeon)
 H - a +1 ring mail of magic resistance (worn)
   (You bought it in a shop on level 6 of the Dungeon)
Jewellery
 o - a ring of protection from fire (left hand) {rF+, !d}
   (You found it on level 2 of the Dungeon)
 w - an uncursed ring of flight {+Fly, !d}
   (You found it on level 3 of the Dungeon)
 F - a +3 ring of intelligence (right hand)
   (You found it on level 5 of the Dungeon)
Scrolls
 c - 4 scrolls of teleportation
 g - 2 scrolls of blinking {unknown}
 h - 6 scrolls of immolation {unknown}
 j - 2 scrolls of remove curse
 k - a scroll of enchant armour
 l - a scroll of fog {unknown}
 m - a scroll of silence {unknown}
 n - 2 scrolls of amnesia
 x - a scroll of enchant weapon
 y - 2 scrolls of magic mapping {unknown}
 G - a scroll of identify
 I - a scroll of noise {unknown}
Potions
 b - 2 potions of curing
 e - a potion of ambrosia {unknown}
 i - a potion of degeneration {unknown}
 r - a potion of flight
 s - a potion of brilliance
 v - a potion of mutation {unknown}
 z - 2 potions of agility {unknown}
 A - a potion of haste {unknown}
Books
 d - a book of Conjurations
   (You found it on level 3 of the Dungeon)
Comestibles
 f - 3 bread rations {@e1}
 q - 5 meat rations {@e2}
 B - a fruit
 D - 2 royal jellies


   Skills:
 + Level 8.4 Fighting
 - Level 5.6 Maces & Flails
 - Level 6.5 Dodging
 - Level 1.0 Stealth
   Level 1.0 Shields
 + Level 5.3 Invocations
 - Level 1.0 Evocations


You had 8 spell levels left.
You didn't know any spells.

Dungeon Overview and Level Annotations

Branches:
Dungeon (7/15)             Temple (1/1) D:6

Altars:
Ashenzari
Dithmenos
Fedhas
Kikubaaqudgha
Okawaru
Qazlal
Sif Muna
Trog
Wu Jian
Xom
Yredelemnul
Zin

Shops:
D:4 [   D:6 *}**[

Annotations:
D:4 Duvessa


Message History

The centaur skeleton closely misses you.
You hit the centaur skeleton. The centaur skeleton barely misses you.
The centaur skeleton hits you!
You take 7 damage, and have 67/74 hp.
You sock the centaur skeleton!
The centaur skeleton closely misses you.
You hit the centaur skeleton.
You destroy the centaur skeleton!
Qazlal accepts your kill.
No target in view!
Found a stone staircase leading down.
Health restored: 75
Found a stone staircase leading down.
A bullfrog comes into view.
A bullfrog is nearby!
The bullfrog croaks.
The bullfrog hits you. The bullfrog barely misses you.
An orc wizard comes into view. It is wielding a dagger.
You take 3 damage, and have 72/75 hp.
You barely miss the bullfrog.
The bullfrog hits you but does no damage.
You barely miss the bullfrog.
The orc wizard shouts!
The bullfrog barely misses you. You block the bullfrog's attack.
The orc wizard gestures wildly while chanting.
The orc wizard flickers and vanishes!
You closely miss the bullfrog. The bullfrog misses you.
The bullfrog barely misses you.
The orc warrior shouts!
You hit the bullfrog. The bullfrog barely misses you.
The bullfrog completely misses you. The bullfrog barely misses you.
The bullfrog closely misses you.
Health restored: 75 The bullfrog hits you but does no damage.
The bullfrog closely misses you. x2
You hit the bullfrog. The bullfrog closely misses you.
You hit the bullfrog.
The bullfrog is engulfed in blazing flames.
The bullfrog closely misses you.
The bullfrog is engulfed in blazing flames.
You kill the bullfrog!
Qazlal accepts your kill.
You hit the orc warrior but do no damage.
The orc warrior misses you.
You hit the orc warrior but do no damage.
You block something's attack.
You hit the orc warrior. The orc warrior barely misses you.
Something barely misses you.
You hit the orc warrior but do no damage.
Something hits you.
The orc warrior hits you but does no damage.
Something hits you but does no damage.
You take 1 damage, and have 74/75 hp.
The orc warrior barely misses you.
You hear some strange, mumbled words.
Something tries to affect you, but you resist.
You see here a bullfrog corpse.
The orc warrior hits you with a war axe.
You take 6 damage, and have 68/75 hp.
You hit the orc warrior but do no damage.
The orc warrior misses you.
You sock the orc warrior! The orc warrior misses you.
You hit the orc warrior.
You hit the orc warrior but do no damage.
The orc warrior hits you with a war axe!
You take 12 damage, and have 59/75 hp.
You hit the orc warrior. Something hits you but does no damage.
The orc warrior closely misses you.
The orc warrior hits you with a war axe!
You take 9 damage, and have 51/75 hp.
The orc warrior completely misses you.
You hit the orc warrior but do no damage.
An orc wizard appears from thin air!
Reactivating autopickup.
The orc warrior hits you but does no damage.
You closely miss the orc warrior.
You hit the orc warrior but do no damage.
The orc warrior hits you with a war axe!
You take 10 damage, and have 42/75 hp.
You hit the orc warrior.
The orc wizard gestures wildly while chanting.
The orc wizard flickers and vanishes!
Deactivating autopickup; reactivate with Ctrl-A.
The orc warrior hits you with a war axe.
You take 4 damage, and have 38/75 hp.
You hit the orc warrior.
The orc warrior hits you with a war axe.
You take 5 damage, and have 33/75 hp.
You hit the orc warrior but do no damage.
The orc warrior misses you.
You hit the orc warrior.
The orc warrior hits you with a war axe!!
* * * LOW HITPOINT WARNING * * *
You take 18 damage, and have 15/75 hp.
MASSIVE DAMAGE!!
You closely miss the orc warrior. The orc warrior misses you.
You hit the orc warrior.
The orc warrior hits you with a war axe!!
You die...

#.........###...#.######
#.#######.# ##....######## #.#
#.# #.##.........
#######.#######.####.##.#######.
#........................)))(...
#.#######.#####.####.##.########
#.# #.# #.# #.##.# #.# #.# #.#
#.##.# #.# #.# #@# #.##.# #.#
#.# #o# #.##.# #.# #.#
#{####.##.. #.# ##.## #......###
#.# #...# #.###### #.# #.#.# #.#
#.# ####.#.####.#### #.#
#....#....#....# #.#
#.#######.#.##.#


You could see an orc warrior.

Vanquished Creatures
  Grinder (D:6)
  A hippogriff (D:7)
  An orc warrior (D:6)
  A sky beast (D:6)
  An ice beast (D:5)
  2 ogres
  A phantom (D:3)
  2 centaurs (D:5)
  A big kobold (D:7)
  3 bullfrogs
  A gnoll sergeant (D:6)
  Dowan (D:4)
  A howler monkey (D:5)
  A crimson imp (D:6)
  A centaur skeleton (D:7)
  A jelly (D:6)
  A bullfrog skeleton (D:4)
  An orc priest (D:5)
  4 hounds
  4 orc wizards
  An iguana (D:6)
  6 worker ants
  Terence (D:3)
  Robin (D:2)
  5 gnolls
  4 adders
  2 shadow imps
  2 worms
  A dart slug (D:1)
  3 leopard geckos (D:1)
  11 orcs
  9 bats
  5 giant cockroaches
  2 gnoll zombies (D:2)
  8 goblins
  10 hobgoblins
  12 jackals
  3 quokkas
  A ball python (D:3)
  5 frilled lizards
  15 kobolds
  5 rats
142 creatures vanquished.

Notes
Turn   | Place    | Note
-------+----------+-------------------------------------------
     0 | D:1      | MackTheKnife the Human Wanderer began the quest for the Orb.
     0 | D:1      | MackTheKnife set off with: a +2 mace, a potion of curing, a scroll of teleportation, a +0 robe, a bread ration {@e1}
     0 | D:1      | Reached XP level 1. HP: 16/16 MP: 1/1
   232 | D:1      | Reached XP level 2. HP: 10/22 MP: 2/2
   596 | D:1      | Reached XP level 3. HP: 21/27 MP: 3/3
   644 | D:1      | Reached skill level 5 in Maces & Flails
  1014 | D:2      | Found a bloodstained altar of Trog.
  1099 | D:2      | Noticed Robin
  1167 | D:2      | Found a shadowy altar of Dithmenos.
  1176 | D:2      | HP: 3/27 [adder (4)]
  1181 | D:1      | HP: 4/27 [adder (2)]
  1182 | D:1      | Reached XP level 4. HP: 6/33 MP: 4/4
  1186 | D:1      | HP: 3/33 [poisoned by an adder]
  1193 | D:1      | HP: 2/33 [poisoned by an adder]
  1481 | D:1      | HP: 3/33 [worm (8)]
  1784 | D:2      | Killed Robin
  2426 | D:2      | Found a basalt altar of Yredelemnul.
  2542 | D:3      | Noticed Terence
  2557 | D:3      | Killed Terence
  2557 | D:3      | Reached skill level 2 in Dodging
  2557 | D:3      | Reached XP level 5. HP: 37/39 MP: 5/5
  3045 | D:3      | Noticed an orc warrior
  3486 | D:4      | Found an iron altar of Okawaru.
  3614 | D:4      | Reached skill level 3 in Fighting
  3614 | D:4      | Reached XP level 6. HP: 34/47 MP: 6/6
  3647 | D:4      | Reached skill level 3 in Dodging
  3798 | D:4      | Found Wexyjidgh's Armour Emporium.
  3800 | D:4      | Noticed a phantom
  3859 | D:4      | Noticed an ogre
  3884 | D:3      | Killed a phantom
  4104 | D:4      | Killed an ogre
  4104 | D:4      | Reached skill level 4 in Fighting
  4104 | D:4      | Reached skill level 4 in Dodging
  4104 | D:4      | Reached XP level 7. HP: 31/54 MP: 7/7
  4294 | D:4      | Noticed Duvessa
  4294 | D:4      | Noticed Dowan
  4466 | D:4      | Killed Dowan
  4595 | D:4      | HP: 11/55 [Duvessa/short sword of speed (6)]
  4966 | D:5      | Entered Level 5 of the Dungeon
  5070 | D:5      | Reached skill level 5 in Fighting
  5192 | D:5      | Reached skill level 5 in Dodging
  5192 | D:5      | Reached XP level 8. HP: 43/62 MP: 8/8
  5875 | D:5      | Reached skill level 6 in Fighting
  5932 | D:6      | Noticed Grinder
  6164 | D:6      | Found a bloodstained altar of Trog.
  6185 | D:6      | Reached skill level 6 in Dodging
  6377 | D:6      | Found Ihoycu's Armour Boutique.
  6383 | D:6      | Bought a +1 ring mail of magic resistance for 176 gold pieces
  6422 | D:6      | Found a staircase to the Ecumenical Temple.
  6426 | Temple   | Entered the Ecumenical Temple
  6512 | Temple   | Became a worshipper of Qazlal Stormbringer
  6920 | D:6      | Found Tubu's General Store.
  7035 | D:6      | Reached skill level 7 in Fighting
  7035 | D:6      | Reached skill level 1 in Invocations
  7096 | D:6      | Reached XP level 9. HP: 72/72 MP: 8/10
  7116 | D:6      | Found a deep blue altar of Sif Muna.
  7173 | D:6      | Reached skill level 2 in Invocations
  7219 | D:6      | Found a glowing silver altar of Zin.
  7239 | D:6      | Found Zetacher's Gadget Emporium.
  7270 | D:6      | Found Asicecle's General Store.
  7278 | D:6      | Found Xiurodopt's General Store.
  7455 | D:6      | Reached skill level 3 in Invocations
  7906 | D:6      | Paralysed by Grinder for 7 turns
  7923 | D:6      | Killed Grinder
  7923 | D:6      | Reached skill level 4 in Invocations
  8145 | D:7      | Reached skill level 8 in Fighting
  8422 | D:7      | Noticed a hippogriff
  8439 | D:7      | Killed a hippogriff
  8450 | D:7      | Reached skill level 5 in Invocations
  8459 | D:7      | Reached * piety under Qazlal
  8753 | D:7      | HP: 15/75 [orc warrior/war axe (18)]
  8755 | D:7      | Slain by an orc warrior

Vault maps used:
D:1:      minmay_arrival_glassed_features
D:2:      lemuel_zombie_altar_yredelemnul, lightli_temple_of_fire,
          nicolae_dithmenos_shadow_blocks, uniq_robin
D:3:      serial_forest, infiniplex_forest_lined_room_2,
          infiniplex_forest_end_double, infiniplex_forest_clump_tiny,
          infiniplex_forest_pool, infiniplex_forest_clump_medium,
          infiniplex_forest_straight_2, minmay_misc_feat_x, uniq_terence
D:4:      okawaru_trees_1, serial_shops, shop, first_bread, uniq_duvessa
D:6:      old_standard_altar, kennysheep_mini, minmay_temple_entry_grid,
          serial_shops, kennysheep_mini_moat, shop, shop_statue,
          nicolae_shop_trees, nicolae_shop_behind_doors, trog_butcher_becter,
          uniq_grinder
D:7:      nicolae_overflow_hidden_temple, uniq_prince_ribbit1
Temple:   regret_index_temple_generic_petals

Skill      XL: |  1  2  3  4  5  6  7  8  9 |
---------------+----------------------------+-----
Maces & Flails | 5 |  5.6
Dodging        | 2 4 5 6 |  6.5
Fighting       | 3 4 5 7 8 |  8.4
Invocations    | 1 5 |  5.3
Stealth        | |  1.0
Shields        | |  1.0
Evocations     | |  1.0

Action                   |  1- 3 |  4- 6 |  7- 9 || total
-------------------------+-------+-------+-------++-------
Melee: Mace              |    91 |   151 |   368 ||   610
       Dagger            |       |    22 |    21 ||    43
  Use: Potion            |     1 |     2 |     1 ||     4
       Scroll            |       |     7 |     3 ||    10
 Stab: Sleeping          |     1 |     4 |       ||     5
  Eat: Chunk             |     1 |     4 |    12 ||    17
       Bread ration      |       |     1 |     1 ||     2
       Fruit             |       |       |     1 ||     1
Armor: Robe              |    23 |     4 |       ||    27
       Leather armour    |       |    49 |    39 ||    88
       Animal skin       |       |     5 |       ||     5
       Ring mail         |       |       |    93 ||    93
Dodge: Dodged            |    66 |   100 |   301 ||   467
Block: Other             |       |       |     2 ||     2

Vault maps used:
D:1:      minmay_arrival_glassed_features
D:2:      lemuel_zombie_altar_yredelemnul, lightli_temple_of_fire,
          nicolae_dithmenos_shadow_blocks, uniq_robin
D:3:      serial_forest, infiniplex_forest_lined_room_2,
          infiniplex_forest_end_double, infiniplex_forest_clump_tiny,
          infiniplex_forest_pool, infiniplex_forest_clump_medium,
          infiniplex_forest_straight_2, minmay_misc_feat_x, uniq_terence
D:4:      okawaru_trees_1, serial_shops, shop, first_bread, uniq_duvessa
D:6:      old_standard_altar, kennysheep_mini, minmay_temple_entry_grid,
          serial_shops, kennysheep_mini_moat, shop, shop_statue,
          nicolae_shop_trees, nicolae_shop_behind_doors, trog_butcher_becter,
          uniq_grinder
D:7:      nicolae_overflow_hidden_temple, uniq_prince_ribbit1
Temple:   regret_index_temple_generic_petals

Table legend:
 A = Turns spent in this place as a percentage of turns spent in the entire game.
 B = Non-inter-level travel turns spent in this place as a percentage of non-inter-level travel turns spent in the entire game.
 C = Inter-level travel turns spent in this place as a percentage of turns spent in this place.
 D = Turns resting spent in this place as a percentage of non-inter-level travel turns spent in this place.
 E = Turns spent auto-exploring this place as a percentage of non-inter-level travel turns spent in this place.
 F = Non-inter-level travel turns spent in this place divided by the number of levels of this place that you've seen.
                   A       B       C       D       E      F
               +-------+-------+-------+-------+-------+----------------------
         Total | 100.0 | 100.0 |   1.1 |   3.8 |   7.9 | 301.2
       Dungeon |  98.5 |  98.5 |   1.1 |   3.8 |   7.8 | 339.3
        Temple |   1.5 |   1.5 |   2.8 |   0.0 |  14.3 |  35.0
               +-------+-------+-------+-------+-------+----------------------

Table legend:
 A = Kills in this place as a percentage of kills in entire the game.
 B = Kills by you in this place as a percentage of kills by you in the entire game.
 C = Kills by friends in this place as a percentage of kills by friends in the entire game.
 D = Other kills in this place as a percentage of other kills in the entire game.
 E = Experience gained in this place as a percentage of experience gained in the entire game.
 F = Experience gained in this place divided by the number of levels of this place that you have seen.
                   A       B       C       D       E      F
               +-------+-------+-------+-------+-------+----------------------
         Total | 100.0 | 100.0 |  -nan |  -nan | 100.0 | 408.2
       Dungeon | 100.0 | 100.0 |  -nan |  -nan | 100.0 | 466.6
               +-------+-------+-------+-------+-------+----------------------
